[Event "Titled Tuesday Blitz August 17 2021"]
[White "Torkkola, Henri"]
[Black "Silva, Miguel Antonio Neto"]
[WhiteFideId "507660"]
[BlackFideId "1911929"]
[WhiteElo "2137"]
[BlackElo "2283"]
[Result "0-1"]
[Round "10"]
[TimeControl "180+1"]
[Date "2021.08.18"]
[WhiteClock "0:00:28"]
[BlackClock "0:00:10"]

1. d4 Nf6 2. c4 e6 3. g3 c5 4. d5 exd5 5. cxd5 d6 6. Nf3 g6 7. Bg2 Bg7 8. O-O O-O 9. Nc3 a6 10. a4 Re8 11. Nd2 Nbd7 12. Nc4 Nb6 13. Na3 Bf5 14. a5 Nbd7 15. Nc4 Ne5 16. Ne3 Bd7 17. h3 Bb5 18. Re1 Rc8 19. Qb3 b6 20. Nxb5 axb5 21. Qxb5 bxa5 22. Rxa5 Rb8 23. Qa4 Rb4 24. Qa2 Nh5 25. f4 Nd7 26. Kh2 f5 27. Ra7 Ndf6 28. Nc4 Ne4 29. Na5 Nhxg3 30. Nc6 Qh4 31. Nxb4 cxb4 32. Qa4 Rf8 33. Qd7 Qf6 34. Be3 h5 35. Rd1 Nxe2 36. Bf3 N4g3 37. Rd2 Nf1+ 38. Kh1 Nxd2 39. Bxe2 Ne4 40. Kg2 Rf7 41. Qc8+ Kh7 42. Ra8 Rf8 43. Qb7 Rxa8 44. Qxa8 Qxb2 45. Kf3 Qc3 46. Qb7 Kh6 47. Qe7 b3 0-1


[Site "https://www.chess.com"]

[Event "Titled Tuesday Blitz August 17 2021"]
[White "Tregubov, Pavel V."]
[Black "Nesterov, Arseniy"]
[WhiteFideId "4115341"]
[BlackFideId "24198455"]
[WhiteElo "2423"]
[BlackElo "2477"]
[Result "0-1"]
[Round "10"]
[TimeControl "180+1"]
[Date "2021.08.17"]
[WhiteClock "0:00:59"]
[BlackClock "0:00:12"]

1. e4 e5 2. Nf3 Nc6 3. Bb5 a6 4. Ba4 b5 5. Bb3 Na5 6. d4 exd4 7. Nxd4 Bb7 8. O-O c5 9. Nf5 c4 10. Nc3 cxb3 11. axb3 Nc6 12. Nd5 d6 13. Be3 Rc8 14. Qg4 g6 15. Rfe1 Ne5 16. Qh3 gxf5 17. Bb6 Qg5 18. f4 Qg4 19. fxe5 Qxh3 20. gxh3 dxe5 21. Nc7+ Kd7 22. Rad1+ Kc6 23. Nd5 Ne7 24. Ba5 Nxd5 25. Rxd5 fxe4 26. Rxe5 Bc5+ 27. Kf1 Rhe8 28. R1xe4 Rxe5 29. Rxe5 Kd7 30. Bc3 Bd6 31. Rh5 Be4 32. Ke2 Bxc2 33. Kd2 Bg6 34. Rd5 Ke6 35. Rd4 Be5 36. Rh4 Bxc3+ 37. bxc3 Rd8+ 38. Kc1 Rd3 39. Kb2 Rd2+ 40. Ka3 Rxh2 41. Kb4 Ke5 42. c4 bxc4 43. bxc4 Rc2 44. Rg4 f5 0-1


[Site "https://www.chess.com"]

[Event "Titled Tuesday Blitz August 17 2021"]
[White "Valle Maytin, Luis Enrique"]
[Black "Chernov, Mikhail"]
[WhiteFideId "3503666"]
[BlackFideId "24143170"]
[WhiteElo "2209"]
[BlackElo "2244"]
[Result "0-1"]
[Round "10"]
[TimeControl "180+1"]
[Date "2021.08.18"]
[WhiteClock "0:00:02"]
[BlackClock "0:00:09"]

1. d4 d5 2. Nf3 Nc6 3. Bf4 Bg4 4. e3 e6 5. Be2 Bd6 6. Bg3 Nce7 7. Nbd2 c6 8. O-O Nf6 9. Bxd6 Qxd6 10. Ne5 Bxe2 11. Qxe2 Ng6 12. f4 Nd7 13. c4 f6 14. c5 Qe7 15. Nxd7 Qxd7 16. Qd3 O-O 17. b4 a5 18. a3 e5 19. Nb3 axb4 20. fxe5 fxe5 21. axb4 Rxa1 22. Nxa1 exd4 23. Rxf8+ Nxf8 24. exd4 Qe7 25. Nc2 Ng6 26. g3 Qg5 27. Qe3 Qf5 28. Ne1 h5 29. Kg2 h4 30. Nf3 h3+ 31. Kf2 Nf8 32. Qe2 Ne6 33. Qe5 Qxe5 34. dxe5 Kf7 35. Ke2 Ke7 36. Ke3 g5 37. Ng1 g4 38. Ne2 Kf7 39. Nc1 Kg6 40. Nd3 Kf5 41. Nc1 d4+ 42. Kd3 Kxe5 43. Nb3 Kd5 44. Na5 Nd8 45. Nb3 Ne6 46. Na5 Nf4+ 47. gxf4 g3 48. hxg3 h2 49. Nxc6 bxc6 50. b5 h1=Q 51. bxc6 Qf3+ 52. Kd2 Kc4 53. c7 Qg2+ 54. Ke1 Kd3 55. Kd1 Qd2# 0-1


[Site "https://www.chess.com"]

[Event "Titled Tuesday Blitz August 17 2021"]
[White "Vlassov, Nikolai"]
[Black "Makhnev, Denis"]
[WhiteFideId "4103360"]
[BlackFideId "13707647"]
[WhiteElo "2407"]
[BlackElo "2537"]
[Result "1-0"]
[Round "10"]
[TimeControl "180+1"]
[Date "2021.08.17"]
[WhiteClock "0:00:48"]
[BlackClock "0:00:18"]

1. e4 c6 2. d4 d5 3. e5 Bf5 4. Nc3 e6 5. g4 Bg6 6. Nge2 c5 7. Be3 h5 8. Nf4 Bh7 9. Nxh5 cxd4 10. Bxd4 Nc6 11. Bb5 Ne7 12. Bc5 a6 13. Bxc6+ Nxc6 14. Bxf8 Kxf8 15. f4 Qb6 16. Qd2 Qxb2 17. Rb1 Qxc2 18. Rxb7 d4 19. Qxc2 Bxc2 20. Ne2 Be4 21. O-O Nxe5 22. Rc7 Nf3+ 23. Kf2 Nxh2 24. Rg1 Nxg4+ 25. Rxg4 Rxh5 26. Nxd4 Rd8 27. Ke3 Bd5 28. Nc6 Rh3+ 29. Kf2 Bxc6 30. Rxc6 Rd2+ 31. Kg1 Re3 32. Kf1 Rxa2 33. Rc8+ Ke7 34. Rxg7 Rf3+ 35. Kg1 Rxf4 36. Rc7+ Kf8 37. Rh7 Ra5 38. Rc8+ Ke7 39. Rc7+ Ke8 40. Rh8# 1-0


[Site "https://www.chess.com"]

[Event "Titled Tuesday Blitz August 17 2021"]
[White "Waddingham, Graham A"]
[Black "Eynullayev, Atilla"]
[WhiteFideId "400653"]
[BlackFideId "13413570"]
[WhiteElo "2355"]
[BlackElo "1997"]
[Result "1-0"]
[Round "10"]
[TimeControl "180+1"]
[Date "2021.08.17"]
[WhiteClock "0:00:49"]
[BlackClock "0:01:51"]

1. e4 c5 2. f4 d6 3. Bb5+ Bd7 4. Bxd7+ Qxd7 5. Qf3 Nc6 6. Ne2 g6 7. c3 Nh6 8. d3 Bg7 9. Be3 f5 10. Nd2 O-O 11. exf5 Nxf5 12. Bf2 e5 13. Qd5+ Kh8 14. O-O Nce7 15. Qf3 d5 16. Qh3 Rac8 17. Nf3 exf4 18. Nxf4 h6 19. Rae1 Rc7 20. Ne6 Rc6 21. Nxg7 Kxg7 22. Ne5 Qc8 23. Nxc6 Qxc6 24. Bh4 g5 25. Bg3 Qg6 26. Be5+ Kh7 27. g4 1-0


[Site "https://www.chess.com"]

[Event "Titled Tuesday Blitz August 17 2021"]
[White "Wagner, Dennis"]
[Black "Tang, Andrew"]
[WhiteFideId "24650684"]
[BlackFideId "2059630"]
[WhiteElo "2355"]
[BlackElo "2588"]
[Result "1/2-1/2"]
[Round "10"]
[TimeControl "180+1"]
[Date "2021.08.17"]
[WhiteClock "0:00:11"]
[BlackClock "0:00:34"]

1. d4 d5 2. c4 e6 3. Nf3 Nf6 4. g3 dxc4 5. Bg2 Nc6 6. Qa4 Bd7 7. Qxc4 Na5 8. Qc2 Rc8 9. O-O c5 10. Nc3 b5 11. dxc5 Bxc5 12. a3 Nc4 13. Bg5 h6 14. Bxf6 Qxf6 15. Rad1 Bc6 16. Nd2 Bxg2 17. Kxg2 Qxf2+ 18. Rxf2 Ne3+ 19. Kf3 Nxc2 20. Nde4 Bxf2 21. Nd6+ Ke7 22. Nxc8+ Rxc8 23. Kxf2 Nxa3 24. Rc1 Nc4 25. Nxb5 Rc5 26. Nxa7 Kd6 27. b4 Rf5+ 28. Kg1 Ne3 29. b5 Rc5 30. Nc8+ Kd5 31. Ne7+ Kd4 32. Nc6+ Kd5 33. Ne7+ Kd6 34. Nc8+ Kd5 35. Ne7+ 1/2-1/2


[Site "https://www.chess.com"]

[Event "Titled Tuesday Blitz August 17 2021"]
[White "Woodward, Andy"]
[Black "Tania, Sachdev"]
[WhiteFideId "30953499"]
[BlackFideId "5007844"]
[WhiteElo "2137"]
[BlackElo "2280"]
[Result "0-1"]
[Round "10"]
[TimeControl "180+1"]
[Date "2021.08.17"]
[WhiteClock "0:00:07"]
[BlackClock "0:00:17"]

1. d4 Nf6 2. c4 e6 3. Nc3 Bb4 4. Qc2 c5 5. dxc5 Na6 6. a3 Bxc3+ 7. Qxc3 Nxc5 8. b4 Nce4 9. Qd4 d5 10. c5 b6 11. f3 bxc5 12. bxc5 Qa5+ 13. Qb4 Qc7 14. fxe4 Rb8 15. Qa4+ Bd7 16. Qc2 Nxe4 17. Nf3 O-O 18. e3 Rfc8 19. Bd3 f5 20. O-O Qxc5 21. Qxc5 Nxc5 22. Be2 Ba4 23. Bd2 Nb3 24. Rab1 Nxd2 25. Nxd2 Rxb1 26. Rxb1 Rc3 27. Rb8+ Kf7 28. Rb7+ Kf6 29. Rxa7 Rxa3 30. Kf2 Ra2 31. Nb1 Rb2 32. Rxa4 Rxb1 33. g4 g6 34. h4 h6 35. Ra6 Rb2 36. gxf5 gxf5 37. h5 Ke5 38. Ra7 f4 39. exf4+ Kxf4 40. Rf7+ Kg5 41. Rg7+ Kf4 42. Rg6 e5 43. Rf6+ Ke4 44. Rxh6 d4 45. Ke1 d3 46. Bd1 Rh2 47. Rg6 Rh1+ 48. Kd2 Rh2+ 49. Kc3 Rh1 50. Rg4+ Kf5 51. Bf3 Rf1 52. Rg3 e4 53. Bg4+ Kf4 54. Bh3 Rc1+ 55. Kd2 Rc2+ 56. Kd1 Kxg3 57. Bf5 e3 58. Bxd3 Rd2+ 59. Ke1 Rxd3 60. h6 Rd7 61. h7 Rxh7 62. Ke2 Kf4 63. Kd3 Rh2 64. Kc4 e2 65. Kc5 e1=Q 66. Kc6 Rd2 67. Kc7 Qc1+ 68. Kb7 Rb2+ 69. Ka7 Qa1# 0-1


[Site "https://www.chess.com"]

[Event "Titled Tuesday Blitz August 17 2021"]
[White "Yeletsky, Ivan"]
[Black "Svane, Rasmus"]
[WhiteFideId "24180327"]
[BlackFideId "4657101"]
[WhiteElo "2344"]
[BlackElo "2669"]
[Result "1/2-1/2"]
[Round "10"]
[TimeControl "180+1"]
[Date "2021.08.17"]
[WhiteClock "0:01:21"]
[BlackClock "0:00:07"]

1. d4 Nf6 2. c4 e6 3. Nf3 d5 4. g3 Be7 5. Bg2 O-O 6. Nc3 Nbd7 7. O-O dxc4 8. a4 a5 9. Qc2 c6 10. e4 Re8 11. Rd1 b6 12. Bf4 Ba6 13. h3 Qc8 14. g4 h6 15. g5 hxg5 16. Nxg5 Nf8 17. Be3 Ng6 18. Bf3 e5 19. dxe5 Nxe5 20. Bg2 Bc5 21. Bxc5 bxc5 22. f4 Nd3 23. e5 Nh5 24. Nce4 Qf5 25. Nd6 Qxf4 26. Ndxf7 Qe3+ 27. Kh1 Ng3+ 28. Kh2 Ne2 29. Rf1 Qg3+ 30. Kh1 Nef4 31. Rf3 Qh4 32. Raf1 Ne1 33. Rxe1 Qxe1+ 34. Rf1 Qh4 35. Rxf4 Qxf4 36. Qh7+ Kf8 37. Qh8+ Ke7 38. Qxg7 Rg8 39. Qh7 Qc1+ 40. Kh2 Qf4+ 41. Kh1 Qc1+ 42. Kh2 Qf4+ 43. Kg1 Qe3+ 44. Kh1 Qc1+ 1/2-1/2


[Site "https://www.chess.com"]

[Event "Titled Tuesday Blitz August 17 2021"]
[White "Yoo, Christopher Woojin"]
[Black "Sarana, Alexey"]
[WhiteFideId "30909694"]
[BlackFideId "24133795"]
[WhiteElo "2105"]
[BlackElo "2646"]
[Result "0-1"]
[Round "10"]
[TimeControl "180+1"]
[Date "2021.08.17"]
[WhiteClock "0:00:01"]
[BlackClock "0:00:24"]

1. e4 c5 2. Nf3 d6 3. Nc3 Nf6 4. e5 dxe5 5. Nxe5 a6 6. Qe2 Qc7 7. g3 Nc6 8. Nxc6 Qxc6 9. Rg1 Bg4 10. Bg2 Qd7 11. Qe3 e6 12. d3 Be7 13. Bd2 O-O 14. h3 Bh5 15. g4 Bg6 16. O-O-O Rab8 17. f4 b5 18. g5 Nd5 19. Nxd5 exd5 20. Rde1 Rfe8 21. Qf3 d4 22. Qc6 Qd6 23. Re5 Red8 24. Rge1 Qxc6 25. Bxc6 Bd6 26. Rd5 f5 27. Ba5 Bxf4+ 28. Kb1 Rxd5 29. Bxd5+ Bf7 30. Bxf7+ Kxf7 31. Rf1 Bd6 32. Rxf5+ Ke6 33. Rf1 Rf8 34. Re1+ Kd5 35. Bd2 Rf2 36. Bc1 Rh2 37. g6 hxg6 38. Rg1 Rxh3 39. Rg5+ Be5 40. b4 Rh1 41. Kb2 Ke6 42. Rxg6+ Kf5 43. Rg5+ Kf6 44. Rg4 c4 45. Bf4 Kf5 46. Bxe5 Kxg4 47. Bxg7 cxd3 48. cxd3 Rh2+ 49. Kb3 Rd2 50. Bxd4 Rxd3+ 51. Bc3 Kf3 52. Kc2 Ke4 53. Bb2 Rh3 54. Bc3 Kd5 55. Kb3 Rg3 56. a3 Rh3 57. Kb2 Kc4 58. Bd2 Rh2 59. Kc2 Rg2 60. Kd1 Kd3 61. Be1 Rg1 0-1


[Site "https://www.chess.com"]

[Event "Titled Tuesday Blitz August 17 2021"]
[White "Zainullina, Nataliya"]
[Black "Von Buelow, Georg"]
[WhiteFideId "4145488"]
[BlackFideId "4620658"]
[WhiteElo "2143"]
[BlackElo "2196"]
[Result "1/2-1/2"]
[Round "10"]
[TimeControl "180+1"]
[Date "2021.08.18"]
[WhiteClock "0:00:05"]
[BlackClock "0:00:14"]

1. e4 c5 2. Nf3 d6 3. Bb5+ Bd7 4. Bxd7+ Qxd7 5. O-O Nf6 6. Re1 Nc6 7. c3 e6 8. d4 cxd4 9. cxd4 d5 10. e5 Ne4 11. Nbd2 Nxd2 12. Bxd2 Be7 13. a3 O-O 14. b4 Rac8 15. Qb3 a6 16. Rac1 Rc7 17. Rc2 Rfc8 18. Rec1 Na7 19. Rxc7 Rxc7 20. Qb2 h6 21. h3 Rc6 22. a4 Rxc1+ 23. Qxc1 Kf8 24. Qc2 Kg8 25. Ne1 Nc6 26. Qb2 Qc7 27. Nd3 Qb6 28. Nc5 Nxe5 29. dxe5 Bxc5 30. Bc3 Be7 31. Bd4 Qc6 32. b5 axb5 33. axb5 Qc4 34. Kh2 Bb4 35. g3 h5 36. h4 g6 37. Be3 Bc3 38. Qa3 Bxe5 39. Qa8+ Kg7 40. Qxb7 d4 41. Qe4 Bf6 42. b6 Qc5 43. b7 Qb5 44. Bxd4 Bxd4 45. Qxd4+ e5 46. Qe4 f5 47. Qg2 e4 48. f3 Qxb7 49. fxe4 fxe4 50. Qc2 Qe7 51. Qb2+ Kh7 52. Qe2 e3 53. Kg2 Qe4+ 54. Kg1 Qd4 55. Kg2 Kh6 56. Kf3 Qe5 57. Qxe3+ Qxe3+ 58. Kxe3 Kg7 59. Kf4 Kf6 60. g4 hxg4 61. Kxg4 Kf7 62. Kg5 Kg7 63. h5 gxh5 64. Kxh5 1/2-1/2


[Site "https://www.chess.com"]

[Event "Titled Tuesday Blitz August 17 2021"]
[White "Zarubitski, Viachaslau"]
[Black "Weetik, Vjacheslav"]
[WhiteFideId "13509373"]
[BlackFideId "4153472"]
[WhiteElo "2315"]
[BlackElo "2469"]
[Result "0-1"]
[Round "10"]
[TimeControl "180+1"]
[Date "2021.08.17"]
[WhiteClock "0:00:05"]
[BlackClock "0:00:07"]

1. e4 c6 2. Nf3 d5 3. exd5 cxd5 4. Ne5 Nf6 5. d4 g6 6. c3 Bg7 7. Bd3 Nfd7 8. f4 O-O 9. O-O Nc6 10. Nd2 f6 11. Nxg6 hxg6 12. Bxg6 f5 13. Qh5 Nf6 14. Qh4 e6 15. Nf3 Ne7 16. Bh5 Nxh5 17. Qxh5 Rf6 18. Ng5 Rh6 19. Qf7+ Kh8 20. Rf3 Bd7 21. Rh3 Rxh3 22. gxh3 Qe8 23. Be3 Qxf7 24. Nxf7+ Kg8 25. Ne5 Bxe5 26. fxe5 Kf7 27. Bg5 Rg8 28. h4 Ng6 29. Kf2 Rh8 30. Rg1 Nxh4 31. Bf6 Rh7 32. Kg3 Ng6 33. h4 Bb5 34. b3 Bd3 35. Rh1 f4+ 36. Kf2 Rh5 37. Rh3 Bf5 38. Rh1 Be4 39. Rh3 b5 40. a4 a6 41. axb5 axb5 42. Rh2 Ne7 43. Ke1 Nf5 44. Ra2 Nxh4 45. Ra7+ Kg6 46. Kf2 Nf5 47. Ra8 Rh2+ 48. Kg1 Rg2+ 49. Kf1 Ne3+ 50. Ke1 Kf5 51. Rf8 Bd3 52. Bh4+ Ke4 53. Bf2 Ng4 54. Bh4 Rg1+ 55. Kd2 Rg2+ 56. Ke1 f3 57. Bg5 Re2+ 58. Kd1 Ne3+ 59. Kc1 Rc2+ 60. Kb1 Rg2+ 61. Kc1 Rxg5 62. c4 bxc4 63. bxc4 dxc4 64. Kd2 Nf1+ 65. Kc3 Ne3 66. Rf7 Nd5+ 67. Kd2 Rg2+ 68. Ke1 Re2+ 69. Kd1 Nc3+ 0-1


[Site "https://www.chess.com"]

[Event "Titled Tuesday Blitz August 17 2021"]
[White "davigator"]
[Black "Wagner, Dinara"]
[BlackFideId "24157570"]
[WhiteElo "2361"]
[BlackElo "2260"]
[Result "1-0"]
[Round "10"]
[TimeControl "180+1"]
[Date "2021.08.18"]
[WhiteClock "0:01:41"]
[BlackClock "0:00:25"]

1. e4 c5 2. Nf3 d6 3. d4 cxd4 4. Nxd4 Nf6 5. Nc3 a6 6. Bg5 Nbd7 7. f3 g6 8. Qd2 Bg7 9. Bh6 Bxh6 10. Qxh6 Qb6 11. O-O-O Qc5 12. h4 b5 13. a3 b4 14. axb4 Qxb4 15. Nd5 Nxd5 16. exd5 Rb8 17. b3 Qa3+ 18. Kb1 Nf6 19. Bc4 Bd7 20. g4 a5 21. g5 Nh5 22. Nc6 Rb6 23. Rhe1 Bxc6 24. dxc6 Rxc6 25. Bb5 Kd7 26. Bxc6+ Kxc6 27. Rxe7 Rb8 28. Re3 a4 29. Rc3+ Kb6 30. Qxh7 Rb7 31. Qh8 Ka7 32. Qd4+ Ka8 33. Qxd6 Qxd6 34. Rxd6 axb3 35. Rxb3 Ra7 1-0


[Site "https://www.chess.com"]

[Event "Titled Tuesday Blitz August 17 2021"]
[White "sganerdene"]
[Black "Przybylski, Wojciech"]
[BlackFideId "1117599"]
[WhiteElo "2610"]
[BlackElo "2250"]
[Result "1-0"]
[Round "10"]
[TimeControl "180+1"]
[Date "2021.08.17"]
[WhiteClock "0:00:25"]
[BlackClock "0:00:01"]

1. e4 c5 2. Nf3 d6 3. d4 cxd4 4. Nxd4 Nf6 5. Nc3 a6 6. Nb3 e6 7. g4 h6 8. h4 Nc6 9. Bg2 g6 10. g5 hxg5 11. hxg5 Rxh1+ 12. Bxh1 Nd7 13. f4 Qc7 14. Be3 Nc5 15. Nxc5 dxc5 16. e5 Bd7 17. Ne4 O-O-O 18. c3 Be8 19. Qe2 Na7 20. Kf2 Kb8 21. Rd1 Rxd1 22. Qxd1 Bc6 23. Nf6 Be7 24. Bxc6 Nxc6 25. Ne4 b6 26. b3 Nd8 27. Qf1 Qc6 28. Nd2 Ka7 29. Qd3 Qd5 30. Qf1 Nc6 31. Qg2 b5 32. Qe4 Kb7 33. Kf3 Nb8 34. c4 Qc6 35. Qxc6+ Kxc6 36. Ke4 Nd7 37. Kd3 Nb6 38. Ne4 bxc4+ 39. bxc4 Na4 40. Kc2 Nb6 41. Kb3 Bf8 42. Nf6 Be7 43. Ng4 Kd7 44. Nh6 Ke8 45. Ng8 Bf8 46. Nf6+ Kd8 47. Bd2 Kc8 48. Ba5 Nd7 49. Ng4 Nb8 50. Nh6 Nc6 51. Bb6 Nd4+ 52. Ka4 Kb7 53. Ba5 Ne2 54. Nxf7 Nxf4 55. Bd2 Nd3 56. Kb3 Bg7 57. Bc3 1-0


[Site "https://www.chess.com"]

[Event "Titled Tuesday Blitz August 17 2021"]
[White "ARTHURMOTIVATOR"]
[Black "Rosenberg, Evan S"]
[BlackFideId "2019299"]
[WhiteElo "2347"]
[BlackElo "2275"]
[Result "1-0"]
[Round "11"]
[TimeControl "180+1"]
[Date "2021.08.18"]
[WhiteClock "0:00:06"]
[BlackClock "0:00:04"]

1. e4 c6 2. d4 d5 3. Nc3 dxe4 4. Nxe4 Nf6 5. Nxf6+ exf6 6. c3 Bd6 7. Bd3 O-O 8. Ne2 Re8 9. O-O Qc7 10. Ng3 c5 11. d5 c4 12. Bc2 b5 13. Nh5 Bxh2+ 14. Kh1 Be5 15. f4 Bd6 16. Qf3 Qd7 17. f5 Kh8 18. Be3 Na6 19. Bd4 Be5 20. Rad1 Qd6 21. Qg4 Rg8 22. Bxe5 fxe5 23. Qe4 Qh6 24. g4 f6 25. Kg2 Bb7 26. Rh1 Nc5 27. Qe2 Nd3 28. Bxd3 cxd3 29. Rxd3 e4 30. Rdh3 Bxd5 31. Nxf6 Qxh3+ 32. Rxh3 gxf6 33. Kg1 e3 34. Qh2 Rxg4+ 35. Kf1 Rf4+ 36. Ke1 Kg8 37. Qxf4 Re8 38. Rg3+ Kf7 39. Qg4 Ke7 40. Qg7+ Kd6 41. Qxf6+ Kd7 42. Rg7+ Kc8 43. Qd6 Rd8 44. Qc7# 1-0


[Site "https://www.chess.com"]

[Event "Titled Tuesday Blitz August 17 2021"]
[White "Adury, Anant"]
[Black "Alavkin, Arseny"]
[WhiteFideId "30964687"]
[BlackFideId "4120612"]
[WhiteElo "2316"]
[BlackElo "2391"]
[Result "1-0"]
[Round "11"]
[TimeControl "180+1"]
[Date "2021.08.17"]
[WhiteClock "0:02:14"]
[BlackClock "0:01:43"]

1. d4 f5 2. Bg5 d5 3. e3 Nf6 4. Bxf6 exf6 5. Bd3 g6 6. c4 Bb4+ 7. Nc3 Bxc3+ 8. bxc3 dxc4 9. Bxc4 Qe7 10. Nf3 Kf8 11. O-O Kg7 12. Qb3 Nc6 13. Nd2 Na5 14. Qb4 Nxc4 15. Qxe7+ Kh6 16. Nxc4 1-0


[Site "https://www.chess.com"]

[Event "Titled Tuesday Blitz August 17 2021"]
[White "Baches Garcia, Guillermo"]
[Black "Dev, Shah"]
[WhiteFideId "2209764"]
[BlackFideId "35019058"]
[WhiteElo "2498"]
[BlackElo "2098"]
[Result "0-1"]
[Round "11"]
[TimeControl "180+1"]
[Date "2021.08.17"]
[WhiteClock "0:00:11"]
[BlackClock "0:00:58"]

1. e4 e5 2. Nf3 Nc6 3. Bc4 Bc5 4. c3 Nf6 5. d4 exd4 6. e5 d5 7. Bb5 Ne4 8. cxd4 Bb6 9. Nc3 O-O 10. Be3 f5 11. exf6 Nxf6 12. O-O Ne7 13. Be2 Nf5 14. Bf4 c6 15. Na4 Bc7 16. Ne5 Ne4 17. f3 Ned6 18. Qd2 Be6 19. Nc5 Bc8 20. Rae1 Bb6 21. Kh1 Nxd4 22. Qxd4 Bxc5 23. Qxc5 Rxf4 24. Bd3 Bf5 25. Qe3 Bxd3 26. Nxd3 Rf6 27. Nc5 Nc4 28. Qd4 Qb6 29. Re7 Nd6 30. b4 Nf5 31. Qe5 Nxe7 32. Qxe7 Qxb4 33. Re1 Rf7 34. Qd6 b6 0-1


[Site "https://www.chess.com"]

[Event "Titled Tuesday Blitz August 17 2021"]
[White "Baker, Chris W"]
[Black "Terletsky, Oleg"]
[WhiteFideId "401676"]
[BlackFideId "14116774"]
[WhiteElo "2256"]
[BlackElo "2073"]
[Result "0-1"]
[Round "11"]
[TimeControl "180+1"]
[Date "2021.08.18"]
[WhiteClock "0:00:33"]
[BlackClock "0:00:41"]

1. e4 e5 2. Nf3 Nc6 3. Bc4 Nf6 4. O-O Nxe4 5. d4 exd4 6. Re1 d5 7. Bxd5 Qxd5 8. Nc3 Qa5 9. Nxe4 Be6 10. Bd2 Bb4 11. Bxb4 Qxb4 12. a3 Qxb2 13. Rb1 Qxa3 14. Rxb7 O-O 15. Rxc7 Rac8 16. Rxc8 Rxc8 17. Nxd4 Rd8 18. c3 Nxd4 19. cxd4 Qb2 20. Nc5 Qxd4 21. Qxd4 Rxd4 22. Nxe6 fxe6 23. f3 Kf7 24. Ra1 Rd7 25. Ra6 Kf6 26. Kf2 h5 27. Ke3 g5 28. h4 gxh4 29. Ra4 Rg7 30. Rxh4 Rxg2 31. Rxh5 Ra2 32. Rh6+ Ke5 33. Rh5+ Kd6 34. f4 Ra3+ 35. Ke4 Ra4+ 36. Ke3 a6 37. f5 Ra5 38. Ke4 Rxf5 39. Rxf5 exf5+ 40. Kxf5 Kd5 41. Kf4 Kd4 42. Kf3 Kd3 0-1


[Site "https://www.chess.com"]

[Event "Titled Tuesday Blitz August 17 2021"]
[White "Balabayeva, Xeniya"]
[Black "Lagunow, Raphael"]
[WhiteFideId "13719688"]
[BlackFideId "24652644"]
[WhiteElo "1988"]
[BlackElo "2400"]
[Result "1-0"]
[Round "11"]
[TimeControl "180+1"]
[Date "2021.08.17"]
[WhiteClock "0:00:14"]
[BlackClock "0:00:02"]

1. e4 c5 2. Nf3 Nc6 3. Bb5 g6 4. O-O Bg7 5. Re1 e5 6. Bxc6 dxc6 7. a4 a5 8. d3 Qe7 9. Be3 Nf6 10. Na3 Bg4 11. h3 Bxf3 12. Qxf3 O-O 13. Nc4 Nd7 14. Qg3 Qe6 15. Rf1 Ra6 16. Rae1 b5 17. axb5 cxb5 18. Na3 Rb8 19. f4 exf4 20. Bxf4 Ne5 21. c3 Rd6 22. Re3 b4 23. Nc4 Nxc4 24. dxc4 Rbd8 25. Bxd6 Rxd6 26. e5 Rd2 27. Qf3 h5 28. Qa8+ Kh7 29. Qxa5 Bxe5 30. Rfe1 Qc6 31. Rf3 bxc3 32. bxc3 Bc7 33. Qb5 Qd6 34. Rxf7+ Kh6 35. Rxc7 Qxc7 36. Qe8 Qb7 37. Qf8+ Kg5 38. Re5+ Kh4 39. Qf4# 1-0


[Site "https://www.chess.com"]

[Event "Titled Tuesday Blitz August 17 2021"]
[White "Baskin, Robert"]
[Black "Chernov, Mikhail"]
[WhiteFideId "24662402"]
[BlackFideId "24143170"]
[WhiteElo "2462"]
[BlackElo "2244"]
[Result "0-1"]
[Round "11"]
[TimeControl "180+1"]
[Date "2021.08.17"]
[WhiteClock "0:00:32"]
[BlackClock "0:00:37"]

1. e4 c5 2. Nf3 Nc6 3. d4 cxd4 4. Nxd4 Nf6 5. Nc3 d6 6. Bg5 e6 7. Qd2 a6 8. O-O-O Bd7 9. f3 b5 10. Nxc6 Bxc6 11. Kb1 Qc7 12. Ne2 Rc8 13. Nd4 Bd7 14. h4 h6 15. Be3 h5 16. Bg5 Be7 17. Be2 Qb6 18. e5 dxe5 19. Nf5 exf5 20. Bxf6 Be6 21. Bxg7 Rg8 22. Bxe5 Rxg2 23. Qh6 Bxa2+ 24. Kxa2 Qxh6 0-1


[Site "https://www.chess.com"]

[Event "Titled Tuesday Blitz August 17 2021"]
[White "Batsuren, Dambasuren"]
[Black "AlexOstrovskiy"]
[WhiteFideId "4902920"]
[WhiteElo "2371"]
[BlackElo "2847"]
[Result "0-1"]
[Round "11"]
[TimeControl "180+1"]
[Date "2021.08.17"]
[WhiteClock "0:00:00"]
[BlackClock "0:00:03"]

1. d4 Nf6 2. c4 e5 3. dxe5 Ng4 4. e4 Nxe5 5. f4 Nec6 6. Be3 Bb4+ 7. Kf2 b6 8. Nf3 O-O 9. Nc3 Bxc3 10. bxc3 Na6 11. Bd3 Nc5 12. Bxc5 bxc5 13. e5 f6 14. Re1 fxe5 15. fxe5 Qe7 16. Kg1 Rb8 17. Qc2 g6 18. Be4 Rb6 19. Rad1 Kg7 20. Qd2 Nd8 21. h4 Ne6 22. h5 gxh5 23. Qf2 Nf4 24. Qg3+ Kh8 25. Ng5 h6 26. Nh7 h4 27. Qe3 Rf7 28. Bc2 Rxh7 29. Bxh7 Nxg2 30. Kxg2 Kxh7 31. Kh2 Bb7 32. Rd2 Rg6 33. Rf1 Qg7 34. Qf2 Rg2+ 35. Qxg2 Qxe5+ 36. Kg1 Bxg2 37. Rxg2 Qe6 38. Kh2 Qxc4 39. Re1 Qf4+ 40. Kg1 Qf6 0-1


[Site "https://www.chess.com"]

[Event "Titled Tuesday Blitz August 17 2021"]
[White "Bengtson, Matthew"]
[Black "Provaznik, Michal"]
[WhiteFideId "2012847"]
[BlackFideId "315273"]
[WhiteElo "2262"]
[BlackElo "2176"]
[Result "1/2-1/2"]
[Round "11"]
[TimeControl "180+1"]
[Date "2021.08.18"]
[WhiteClock "0:00:01"]
[BlackClock "0:00:17"]

1. Nf3 d5 2. c4 d4 3. b4 Nf6 4. Bb2 e5 5. Nxe5 Nbd7 6. Nxd7 Bxd7 7. Bxd4 Bxb4 8. e3 O-O 9. Be2 Re8 10. O-O c5 11. Bc3 Bc6 12. Bxb4 cxb4 13. d4 Ne4 14. f3 Ng5 15. d5 Bd7 16. Qd4 Qe7 17. h4 Qxe3+ 18. Qxe3 Rxe3 19. Kf2 Rae8 20. Bd1 Ne4+ 21. fxe4 R3xe4 22. Nd2 Rd4 23. Nf3 Rxc4 24. Bb3 Rf4 25. Rfe1 Kf8 26. Rxe8+ Bxe8 27. Rc1 h6 28. Ke3 Rg4 29. Rc7 Rxg2 30. Rxb7 g5 31. hxg5 hxg5 32. d6 g4 33. Nh4 Rh2 34. Nf5 Rg2 35. d7 Bxd7 36. Rxd7 Ke8 37. Rxf7 g3 38. Re7+ Kd8 39. Rg7 a5 40. Rxg3 Rb2 41. Be6 a4 42. Rg8+ Kc7 43. Ra8 b3 44. axb3 axb3 45. Nd4 Ra2 46. Rxa2 bxa2 47. Bxa2 Kd6 48. Ke4 Kc5 49. Nc2 Kd6 50. Kd4 Ke7 51. Ke5 Kf8 52. Be6 Kg7 53. Kf5 Kh6 54. Bf7 Kg7 55. Bg6 Kh6 56. Nd4 Kg7 57. Ne6+ Kh6 58. Nf4 Kg7 59. Kg5 Kf8 60. Kf6 Kg8 61. Ne6 Kh8 62. Ng5 Kg8 63. Nf7 Kf8 64. Bh7 Ke8 65. Ne5 Kf8 66. Bd3 Ke8 67. Ke6 Kd8 68. Nd7 Kc7 69. Ke7 Kc6 70. Be4+ Kb5 71. Kd6 Kc4 72. Ne5+ Kc3 73. Kd5 Kb2 74. Kc4 Ka3 75. Kc3 Ka2 76. Nd3 Ka1 77. Nc5 Ka2 78. Nb3 Ka3 79. Bb1 Ka4 80. Nd4 Ka5 81. Kc4 Kb6 82. Bf5 Kc7 83. Kd5 Kd8 84. Kd6 Ke8 85. Ke6 Kf8 86. Kf6 Kg8 87. Ne6 Kh8 88. Ng5 Kg8 89. Be6+ Kh8 90. Bf5 Kg8 91. Nf7 Kf8 92. Bh7 Ke8 93. Bd3 Kd7 94. Ke5 Ke7 95. Nd6 Kd7 96. Be4 Ke7 1/2-1/2


[Site "https://www.chess.com"]

[Event "Titled Tuesday Blitz August 17 2021"]
[White "Bobkov, Vadim"]
[Black "Nesterov, Arseniy"]
[WhiteFideId "34110876"]
[BlackFideId "24198455"]
[WhiteElo "2117"]
[BlackElo "2477"]
[Result "0-1"]
[Round "11"]
[TimeControl "180+1"]
[Date "2021.08.17"]
[WhiteClock "0:00:01"]
[BlackClock "0:00:19"]

1. d4 d5 2. c4 e6 3. Nc3 Nf6 4. cxd5 exd5 5. Bg5 c6 6. e3 Be7 7. Bd3 O-O 8. Qc2 h6 9. Bh4 Nbd7 10. Nge2 Re8 11. O-O Ne4 12. Bxe7 Qxe7 13. Bxe4 dxe4 14. Ng3 Nf6 15. Rfc1 h5 16. h3 h4 17. Nf1 Bf5 18. Ne2 Qd7 19. b4 Nd5 20. Rab1 a6 21. a4 Re6 22. Kh1 Rg6 23. Nh2 Re8 24. b5 axb5 25. axb5 cxb5 26. Qc5 b4 27. Rb2 Rc6 28. Qa5 Rxc1+ 29. Nxc1 Qc6 30. Ne2 b6 31. Qa1 Rc8 32. Qe1 Qc4 33. Nf1 Qd3 34. Nf4 Nxf4 35. exf4 b3 36. Ne3 Be6 37. f5 Qxd4 38. Rb1 Bc4 39. Qb4 Qd3 40. Rc1 b5 41. f6 gxf6 42. Qe7 b2 43. Rg1 b1=Q 44. Rxb1 Qxb1+ 45. Kh2 Qb2 46. f4 exf3 47. Ng4 Qxg2# 0-1


[Site "https://www.chess.com"]